 Dungeon Crawl Stone Soup version 0.24.0-125-gc4c63601f3 (webtiles) character file.

Game seed: 11099038136742949965, levelgen mode: deterministic

121879 Amplified the Warrior (level 16, 0/160 HPs)
             Began as a Minotaur Earth Elementalist on Mar 22, 2020.
             Was the Champion of the Shining One.
             Succumbed to a sea snake's poison
             ... on level 3 of the Shoals.
             The game lasted 00:42:41 (24690 turns).

Amplified the Warrior (MiEE)                       Turns: 24690, Time: 00:42:42

Health: 0/160      AC: 16    Str: 23    XL:     16   Next: 33%
Magic:  7/24       EV: 19    Int: 14    God:    the Shining One [******]
Gold:   2692       SH:  5    Dex: 13    Spells: 10/17 levels left

rFire    + . .     SeeInvis .   g - +8 broad axe (holy)
rCold    . . .     Gourm    .   w - +0 buckler
rNeg     + + +     Faith    .   N - +2 ring mail {rF+}
rPois    +         Spirit   .   (helmet unavailable)
rElec    +         Reflect  .   n - +2 cloak
rCorr    .         Harm     .   G - +2 pair of gloves
MR       ++...                  (no boots)
Stlth    +.........             v - amulet of regeneration
HPRegen  0.76/turn              l - ring "Inem" {rN+ MR+ Slay+5}
MPRegen  0.19/turn              o - ring of Sebra {*Drain +Inv rPois rN+}

@: mighty, lethally poisoned (0 -> -17), marked, hasted, glowing, very quick
A: retaliatory headbutt, horns 3, repulsion field 1, clever 1, poison
resistance, electricity resistance
a: Divine Shield, Cleansing Flame, Summon Divine Warrior, Renounce Religion,
Evoke Invisibility


You were on level 3 of the Shoals.
You worshipped the Shining One.
The Shining One was exalted by your worship.
You were near starving.

You visited 4 branches of the dungeon, and saw 26 of its levels.
You visited the Abyss 1 time.

You collected 3430 gold pieces.
You spent 738 gold pieces at shops.

Inventory:

Hand Weapons
 g - a +8 broad axe of holy wrath (weapon)
 m - a +4 trident of freezing
Missiles
 b - 740 stones
 P - a throwing net (quivered)
Armour
 n - a +2 cloak (worn)
 w - a +0 buckler (worn)
 G - a +2 pair of gloves (worn)
 N - a +2 ring mail of fire resistance (worn)
 O - the +8 chain mail "Ruerial" {Int+7 Dex-4 SInv}
   (You found it on level 1 of the Shoals)

   It affects your intelligence (+7).
   It affects your dexterity (-4).
   It lets you see invisible.
Jewellery
 e - an uncursed amulet of magic regeneration
 h - an uncursed ring of protection from magic
 l - the ring "Inem" (left hand) {rN+ MR+ Slay+5}
   (You found it on level 6 of the Lair of Beasts)

   [ring of positive energy]

   It affects your accuracy and damage with ranged weapons and melee attacks
   (+5).
   It protects you from negative energy.
   It affects your resistance to hostile enchantments.
 o - the ring of Sebra (right hand) {*Drain +Inv rPois rN+}
   (You found it on level 2 of the Orcish Mines)

   [ring of poison resistance]

   It protects you from poison.
   It protects you from negative energy.
   It lets you turn invisible.
   It causes draining when unequipped.
 q - an uncursed ring of poison resistance
 s - an uncursed ring of protection from fire
 v - an amulet of regeneration (around neck)
Wands
 f - a wand of acid (23)
 r - a wand of flame (62)
 x - a wand of digging (15)
 A - a wand of enslavement (18)
 B - a wand of paralysis (11)
 K - a wand of scattershot (6)
 M - a wand of iceblast (10)
Scrolls
 i - 5 scrolls of teleportation
 k - 9 scrolls of remove curse
 t - 5 scrolls of immolation
 u - 4 scrolls of magic mapping
 z - 4 scrolls of blinking
 C - 6 scrolls of amnesia
 D - 5 scrolls of identify
 I - 2 scrolls of holy word
 J - a scroll of fear
 Q - a scroll of enchant weapon
Potions
 a - a potion of flight
 c - 2 potions of might
 j - 3 potions of haste
 p - 5 potions of brilliance
 H - a potion of magic
Miscellaneous
 y - a lamp of fire
Comestibles
 d - 31 rations


   Skills:
 * Level 19.2 Fighting
 * Level 15.3(16.2) Axes
   Level 9.7(13.6) Maces & Flails
 * Level 10.6 Armour
 * Level 10.1 Dodging
 - Level 1.5 Stealth
 - Level 6.9 Shields
 - Level 1.3 Spellcasting
 - Level 0.7 Transmutations
 - Level 2.4 Earth Magic
 * Level 12.8 Invocations


You had 10 spell levels left.
You knew the following spells:

 Your Spells              Type           Power        Failure   Level  Hunger
a - Lee's Rapid Deconstr  Erth           #.........   98%         5    ######.
b - Passwall              Tmut/Erth      #.......     28%         2    ###....

Your spell library contained the following spells:

 Spells                   Type           Power        Failure   Level  Hunger
 Sandblast                Erth           #.....       13%         1    ##.....
 Corona                   Hex            #......      34%         1    ##.....
 Infusion                 Chrm           #...         34%         1    ##.....
 Summon Small Mammal      Summ           #...         34%         1    ##.....
 Call Imp                 Summ           #.......     47%         2    ###....
 Ensorcelled Hibernation  Hex/Ice        #.....       47%         2    ###....
 Shroud of Golubria       Chrm/Tloc      #.....       47%         2    ###....
 Song of Slaying          Chrm           #.......     47%         2    ###....
 Stone Arrow              Conj/Erth      #.....       54%         3    ####...
 Call Canine Familiar     Summ           #.......     71%         3    ####...
 Confuse                  Hex            #.......     71%         3    ####...
 Dazzling Spray           Conj/Hex       #.....       71%         3    ####...
 Regeneration             Chrm/Necr      #.........   71%         3    ####...
 Spectral Weapon          Hex/Chrm       #.......     71%         3    ####...
 Static Discharge         Conj/Air       #.......     71%         3    ####...
 Summon Guardian Golem    Hex/Summ       #.......     71%         3    ####...
 Tukima's Dance           Hex            #.......     71%         3    ####...
 Petrify                  Tmut/Erth      #.......     88%         4    #####..
 Ice Form                 Ice/Tmut       #.......     97%         4    #####..
 Summon Ice Beast         Ice/Summ       #.......     98%         4    #####..
 Summon Lightning Spire   Summ/Air       #.......     98%         4    #####..
 Irradiate                Conj/Tmut      #.........   100%        5    ######.
 Lightning Bolt           Conj/Air       #.........   100%        5    ######.
 Metabolic Englaciation   Hex/Ice        #.........   100%        5    ######.
 Bolt of Cold             Conj/Ice       #.........   100%        6    #######
 Freezing Cloud           Conj/Ice/Air   #.........   100%        6    #######
 Hydra Form               Tmut           #.........   100%        6    #######
 Ozocubu's Refrigeration  Ice            #.........   100%        6    #######
 Simulacrum               Ice/Necr       #.........   100%        6    #######
 Statue Form              Tmut/Erth      #........    100%        6    #######
 Dragon Form              Tmut           #.........   100%        7    #######
 Ignition                 Fire           #.........   100%        8    #######
 Shatter                  Erth           #.........   100%        9    #######
 Tornado                  Air            #.........   100%        9    #######


Dungeon Overview and Level Annotations

Branches:
Dungeon (15/15)            Temple (0/1) D:6            Lair (6/6) D:11
 Shoals (2/4) Lair:2       Spider (0/4) Lair:3        Slime (0/5) Lair:5
    Orc (2/2) D:10            Elf (0/3) Orc:2        Vaults (0/5) D:13
 Depths (0/5) D:15

Altars:
Elyvilon
Gozag
Hepliaklqana
Kikubaaqudgha
Qazlal
Trog
Vehumet
Wu Jian
Xom
Yredelemnul
Zin
The Shining One
Jiyva

Shops:
Orc:1 (   Orc:2 ([=(

Annotations:
D:15 Roxanne
Lair:5 exclusion: 4 oklob plants
Shoals:3 1 runed translucent door


Innate Abilities, Weirdness & Mutations

You reflexively headbutt those who attack you in melee.
You have a pair of large horns on your head.
You are surrounded by a mild repulsion field. (EV +2)
Your mind is acute. (Int +2)
Your system is resistant to poisons. (rPois)
You are resistant to electric shocks. (rElec)


Message History

Unknown command.
Casting: Passwall (safe; 28% risk of failure)
Confirm with . or Enter, or press ? or * to list all spells.
Okay, then.
You slash the merfolk! Your headbutt misses the merfolk.
The merfolk is severely wounded.
* * * LOW HITPOINT WARNING * * *
You feel sick.
A water elemental comes into view.
The merfolk hits you with a +0 trident.
* * * LOW HITPOINT WARNING * * *
Unknown command.
Unknown command.
Unknown command.
Unknown command.
Unknown command.
Unknown command.
You barely miss the merfolk.
The merfolk is severely wounded.
You die...

≈.^≈≈≈≈..........≈≈
≈≈≈≈≈≈≈.......≈≈≈..
≈≈≈≈≈≈≈≈.....≈≈≈≈≈≈
≈≈≈≈≈≈≈≈......≈≈≈≈≈
≈≈≈≈≈≈.≈≈..###..≈≈≈
≈≈≈≈≈..≈≈c.###..≈≈
≈≈≈..≈[.≈......≈≈
≈≈≈...≈(.......≈
≈......≈@.....≈≈
≈..###..≈m.≈..≈≈ ≈
#≈≈≈≈.....≈
..≈≈≈≈≈≈≈..>
...≈≈≈≈.≈≈≈..
.....≈≈≈≈≈..≈≈≈
≈....≈≈≈≈≈≈.≈≈≈
≈≈≈≈≈≈≈.E≈..≈≈≈


You could see a merfolk, a faun and a water elemental.

Vanquished Creatures
  2 tentacled starspawn (Abyss:3)
  Kirke (Shoals:1)
  An orc warlord (Orc:2)
  Nessos (D:14)
  A merfolk impaler (Shoals:3)
  A fire dragon (Lair:6)
  4 vault guards (D:13)
  7 hydras
  2 ice dragons (D:15)
  Erolcha (D:11)
  3 centaur warriors
  A merfolk aquamancer (Shoals:1)
  A death knight (D:14)
  Erica (Lair:2)
  16 two-headed ogres
  2 ogre magi (Orc:2)
  3 tengu warriors
  6 death yaks
  Nergalle (D:11)
  A deep elf knight (D:13)
  7 skeletal warriors
  4 unseen horrors
  2 deep trolls (Orc:2)
  4 sea snakes (Shoals:2)
  3 wizards
  A lindwurm (Lair:6)
  5 harpies (Shoals:1)
  A deep elf archer (D:13)
  5 orc knights
  A harpy (shapeshifter) (Abyss:3)
  6 ugly things
  A deep elf mage (D:14)
  5 manticores
  A salamander (shapeshifter) (D:15)
  3 fauns
  2 orc sorcerers
  A worldbinder (Abyss:3)
  3 cyclopes
  3 merfolk sirens
  5 black mambas
  3 gargoyles
  A smoke demon (Abyss:3)
  3 molten gargoyles (Lair:6)
  A black mamba (shapeshifter) (D:15)
  A torpor snail (Lair:5)
  2 redback zombies (D:15)
  8 spiny frogs
  3 centaur skeletons
  3 ancient zymes (Abyss:3)
  A rime drake (Lair:4)
  5 komodo dragons
  7 merfolk
  A tengu conjurer (D:14)
  17 trolls
  A wind drake (Shoals:1)
  Grinder (D:5)
  6 raiju (Abyss:3)
  3 meliai (D:13)
  4 blink frogs (Lair:4)
  A wind drake (shapeshifter) (D:15)
  10 slime creatures
  12 hippogriffs
  A snapping turtle (Shoals:3)
  An ettin skeleton (Abyss:3)
  4 starcursed masses (Abyss:3)
  7 wyverns
  A redback (Lair:3)
  A spriggan (D:8)
  A ynoxinul (Abyss:3)
  2 water elementals (Shoals:1)
  30 yaks
  2 wraiths
  4 vampire mosquitoes (D:15)
  5 basilisks
  3 hogs (Shoals:1)
  4 hungry ghosts
  3 steam dragons
  2 large abominations (Abyss:3)
  2 wargs (Orc:2)
  Menkaure (D:5)
  3 water moccasins
  3 acid dragons
  4 hell hounds (Lair:6)
  10 porcupines
  3 black bears
  33 orc warriors
  A hornet zombie (D:6)
  8 ice beasts
  2 eyes of draining (D:13)
  30 ogres
  6 sky beasts
  A small abomination (Abyss:3)
  5 phantoms
  33 wolves
  9 crocodiles
  4 big kobolds
  17 centaurs
  4 gnoll sergeants
  23 bullfrogs
  A wyvern skeleton (D:11)
  5 scorpions
  19 killer bees
  3 wights
  5 howler monkeys
  3 electric eels (Lair:5)
  8 crimson imps
  5 lava snakes (Lair:6)
  10 hounds
  A quasit (D:8)
  5 centaur zombies
  A bullfrog skeleton (D:4)
  29 orc priests
  A gnoll shaman (D:8)
  9 jellies
  24 orc wizards
  7 iguanas
  Natasha (twice) (D:2)
  4 hell rats (Lair:5)
  10 worker ants
  A killer bee zombie (D:8)
  A hound zombie (D:5)
  A hound skeleton (D:5)
  Robin (D:2)
  A howler monkey zombie (D:9)
  40 gnolls
  15 adders
  3 shadow imps
  2 oozes
  3 adder skeletons
  4 worms
  2 dart slugs
  5 leopard geckos
  113 orcs
  4 giant cockroaches
  16 goblins
  14 hobgoblins
  11 jackals
  21 kobolds
  5 quokkas
  9 bats
  7 frilled lizards
  A jackal skeleton (D:8)
  3 leopard gecko skeletons
  2 quokka skeletons
  9 rats
  A fungus (Lair:3)
  4 plants
  3 starspawn tentacles (Abyss:3)
940 creatures vanquished.

Vanquished Creatures (collateral kills)
  An orc warlord (Orc:2)
  3 orc warriors (Orc:2)
  An orc (Orc:2)
5 creatures vanquished.

Vanquished Creatures (others)
  A wight (D:14)
  4 fungi
  6 plants
  A starspawn tentacle (Abyss:3)
  2 withered plants (D:2)
14 creatures vanquished.

Grand Total: 959 creatures vanquished

Notes
Turn   | Place    | Note
-------+----------+-------------------------------------------
     0 | D:1      | Amplified the Minotaur Earth Elementalist began the quest
                  | for the Orb.
     0 | D:1      | Reached XP level 1. HP: 14/14 MP: 1/1
   257 | D:1      | Reached skill level 1 in Fighting
   257 | D:1      | Reached skill level 1 in Maces & Flails
   337 | D:1      | Reached XP level 2. HP: 10/23 MP: 0/3
   910 | D:1      | Reached skill level 2 in Fighting
  1049 | D:1      | Reached XP level 3. HP: 26/30 MP: 1/4
  1244 | D:2      | Noticed Natasha
  1287 | D:2      | Found an ancient bone altar of Kikubaaqudgha.
  1342 | D:3      | Found a glowing golden altar of the Shining One.
  1346 | D:3      | Became a worshipper of the Shining One
  1420 | D:3      | Found a stormy altar of Qazlal.
  1451 | D:3      | Reached XP level 4. HP: 36/37 MP: 5/5
  1872 | D:3      | Reached skill level 1 in Armour
  1878 | D:3      | Reached skill level 3 in Fighting
  2003 | D:2      | Reached skill level 1 in Invocations
  2074 | D:2      | Found a faded altar of an unknown god.
  2079 | D:2      | Reached XP level 5. HP: 45/45 MP: 6/6
  2440 | D:2      | Identified the +1 helmet "Forget-Me-Not" {rPois rCorr Int-3
                  | SInv}
  2440 | D:2      | Noticed Robin
  2452 | D:2      | Killed Robin
  2506 | D:2      | Killed Natasha
  2537 | D:2      | Noticed Natasha
  2545 | D:2      | Killed Natasha
  2545 | D:2      | Reached skill level 4 in Fighting
  2545 | D:2      | Reached XP level 6. HP: 44/52 MP: 7/7
  2890 | D:4      | Reached * piety under the Shining One
  3208 | D:4      | Found an ornate altar of the Wu Jian Council.
  3242 | D:4      | Reached XP level 7. HP: 60/60 MP: 8/8
  3253 | D:4      | Reached skill level 5 in Fighting
  3253 | D:4      | Reached skill level 5 in Maces & Flails
  3502 | D:4      | Found a glowing silver altar of Zin.
  3678 | D:5      | Entered Level 5 of the Dungeon
  3806 | D:5      | Noticed Menkaure
  3806 | D:5      | Noticed Grinder
  3824 | D:5      | Killed Grinder
  3824 | D:5      | Reached ** piety under the Shining One
  3824 | D:5      | Reached skill level 6 in Fighting
  3824 | D:5      | Reached XP level 8. HP: 70/70 MP: 9/9
  3907 | D:5      | Killed Menkaure
  4029 | D:5      | Found a radiant altar of Vehumet.
  4322 | D:6      | Reached skill level 7 in Fighting
  4575 | D:6      | Reached skill level 5 in Dodging
  4905 | D:6      | Reached XP level 9. HP: 74/79 MP: 11/11
  5116 | D:6      | Found a staircase to the Ecumenical Temple.
  5249 | D:6      | Reached skill level 5 in Armour
  5412 | D:6      | Reached *** piety under the Shining One
  5412 | D:6      | Reached skill level 8 in Fighting
  5913 | D:7      | Found a bloodstained altar of Trog.
  5916 | D:7      | Found a white marble altar of Elyvilon.
  6469 | D:8      | Reached skill level 9 in Fighting
  6469 | D:8      | Reached skill level 5 in Invocations
  6697 | D:8      | Found a shimmering altar of Xom.
  6805 | D:8      | Gained mutation: You expend magic power (3 MP) to
                  | strengthen your wands. [potion of mutation]
  6805 | D:8      | Gained mutation: You have a pair of large horns on your
                  | head. [potion of mutation]
  6805 | D:8      | Gained mutation: Your spells are a little easier to cast,
                  | but a little less powerful. [potion of mutation]
  6805 | D:8      | Gained mutation: Your muscles are strong. (Str +2) [potion
                  | of mutation]
  6810 | D:8      | Reached XP level 10. HP: 34/91 MP: 12/12
  7219 | D:8      | Found an ornate altar of the Wu Jian Council.
  7347 | D:8      | Reached **** piety under the Shining One
  7358 | D:8      | Learned a level 2 spell: Passwall
  7511 | D:8      | Found a hazy altar of Hepliaklqana.
  7756 | D:9      | Found an opulent altar of Gozag.
  7892 | D:9      | Noticed a two-headed ogre
  7910 | D:9      | Reached skill level 10 in Fighting
  7911 | D:9      | Noticed a two-headed ogre
  8338 | D:9      | Killed a two-headed ogre
  8398 | D:9      | Killed a two-headed ogre
  8484 | D:9      | Reached skill level 11 in Fighting
  8857 | D:10     | Entered Level 10 of the Dungeon
  8884 | D:10     | Found a staircase to the Orcish Mines.
  8990 | D:10     | Noticed a two-headed ogre
  9016 | D:10     | Killed a two-headed ogre
  9016 | D:10     | Reached XP level 11. HP: 57/102 MP: 12/14
  9141 | D:10     | Noticed a two-headed ogre
  9527 | D:10     | Noticed a two-headed ogre
  9535 | D:10     | Killed a two-headed ogre
  9535 | D:10     | Reached skill level 1 in Shields
  9544 | D:10     | Found a basalt altar of Yredelemnul.
  9560 | D:10     | Noticed an unseen horror
  9561 | D:10     | Noticed a two-headed ogre
  9579 | D:10     | Killed a two-headed ogre
  9617 | D:10     | Killed an unseen horror
  9617 | D:10     | Reached skill level 12 in Fighting
  9970 | D:10     | Killed a two-headed ogre
 10120 | D:10     | Noticed a brown ugly thing
 10141 | D:10     | Killed a brown ugly thing
 10354 | D:11     | Reached skill level 5 in Shields
 10524 | D:11     | HP: 4/105 [large slime creature (22)]
 10737 | D:11     | Noticed Erolcha
 10737 | D:11     | Noticed Nergalle
 10852 | Orc:1    | Entered Level 1 of the Orcish Mines
 10898 | Orc:2    | Entered Level 2 of the Orcish Mines
 10898 | Orc:2    | Found a staircase to the Elven Halls.
 10903 | Orc:2    | Noticed an orc sorcerer
 11037 | Orc:1    | Reached skill level 13 in Fighting
 11461 | Orc:1    | Found Mocvugost's Weapon Shoppe.
 11467 | Orc:1    | Bought a +4 broad axe of freezing for 438 gold pieces
 11579 | Orc:2    | Reached XP level 12. HP: 115/115 MP: 16/16
 11600 | Orc:2    | Noticed a two-headed ogre
 11614 | Orc:2    | Killed a two-headed ogre
 11614 | Orc:2    | Reached skill level 1 in Axes
 11691 | Orc:2    | Noticed a two-headed ogre
 11698 | Orc:2    | Killed a two-headed ogre
 11739 | Orc:2    | Noticed a two-headed ogre
 11748 | Orc:2    | Killed a two-headed ogre
 11762 | Orc:2    | Noticed a two-headed ogre
 11765 | Orc:2    | Noticed a two-headed ogre
 11778 | Orc:2    | Killed a two-headed ogre
 11789 | Orc:2    | Killed a two-headed ogre
 11918 | Orc:2    | Reached skill level 5 in Axes
 11921 | Orc:2    | Reached skill level 14 in Fighting
 11995 | Orc:2    | Noticed an ogre mage
 12005 | Orc:2    | Noticed an orc warlord
 12009 | Orc:2    | Noticed an ogre mage
 12130 | Orc:2    | Killed an ogre mage
 12133 | Orc:2    | Noticed a two-headed ogre
 12146 | Orc:2    | Killed a two-headed ogre
 12239 | Orc:2    | Found Woopil's Weapon Shop.
 12251 | Orc:2    | Found Gebem's Armour Emporium.
 12253 | Orc:2    | Noticed a two-headed ogre
 12254 | Orc:2    | Found Xosod Bye's Jewellery Shoppe.
 12267 | Orc:2    | Killed a two-headed ogre
 12307 | Orc:2    | Found Takhlos's Weapon Emporium.
 12328 | Orc:2    | Bought an uncursed ring of protection from fire for 300
                  | gold pieces
 12424 | Orc:2    | Reached XP level 13. HP: 118/125 MP: 15/18
 12427 | Orc:2    | Reached skill level 15 in Fighting
 12453 | Orc:2    | Noticed an orc warlord
 12785 | D:11     | Found a staircase to the Lair.
 12993 | D:11     | Killed Erolcha
 13020 | D:11     | Killed Nergalle
 13441 | D:12     | Reached ***** piety under the Shining One
 13893 | D:12     | Reached skill level 10 in Axes
 13992 | D:13     | Reached skill level 10 in Invocations
 14199 | Lair:1   | Entered Level 1 of the Lair of Beasts
 14252 | Lair:1   | Reached skill level 16 in Fighting
 15204 | Lair:2   | Noticed Erica
 15204 | Lair:2   | Paralysed by Erica for 6 turns
 15220 | Lair:2   | Paralysed by Erica for 3 turns
 15224 | Lair:2   | Killed Erica
 15336 | Lair:2   | Found a staircase to the Shoals.
 15802 | Lair:3   | Found a hole to the Spider Nest.
 15974 | Lair:3   | Reached XP level 14. HP: 69/138 MP: 18/20
 17706 | Lair:4   | Reached skill level 17 in Fighting
 17916 | Lair:4   | Learned a level 5 spell: Lee's Rapid Deconstruction
 18493 | Lair:5   | Found a staircase to the Slime Pits.
 18493 | Lair:5   | Found a viscous altar of Jiyva.
 18818 | Lair:6   | Entered Level 6 of the Lair of Beasts
 19267 | Lair:6   | Found a large runed translucent door.
 19268 | Lair:6   | Found a large runed translucent door.
 19506 | Lair:6   | Got a heavily runed jade ring
 19515 | Lair:6   | Identified the ring "Inem" {rN+ MR+ Slay+5} (You found it
                  | on level 6 of the Lair of Beasts)
 19979 | Orc:2    | Killed an orc warlord
 19996 | Orc:2    | Reached skill level 18 in Fighting
 20033 | Orc:2    | Killed an orc warlord
 20364 | Orc:2    | Got a fine iron ring
 20365 | Orc:2    | Identified the ring of Sebra {*Drain +Inv rPois rN+} (You
                  | found it on level 2 of the Orcish Mines)
 20499 | D:13     | Reached XP level 15. HP: 146/149 MP: 22/22
 20591 | D:13     | Cast into level 3 of the Abyss (a wizard)
 20771 | Abyss:3  | Noticed a tentacled starspawn
 20777 | Abyss:3  | Killed a tentacled starspawn
 20817 | Abyss:3  | Noticed a tentacled starspawn
 20823 | Abyss:3  | Killed a tentacled starspawn
 20844 | D:13     | Escaped the Abyss
 20888 | D:13     | Found a gate to the Vaults.
 21097 | D:13     | Found an ancient bone altar of Kikubaaqudgha.
 21674 | D:14     | Noticed Nessos
 21683 | D:14     | Killed Nessos
 21752 | D:15     | Entered Level 15 of the Dungeon
 21782 | D:15     | Identified Roxanne's Disquisition on the Mountains
 21782 | D:15     | Noticed Roxanne
 22018 | D:15     | Found a staircase to the Depths.
 22190 | D:15     | Reached ****** piety under the Shining One
 22594 | D:14     | Identified a +8 broad axe of holy wrath (a +6 broad axe of
                  | freezing blessed by the Shining One)
 22594 | D:14     | Received a gift from the Shining One
 22933 | D:14     | Reached skill level 10 in Armour
 22992 | D:14     | Reached XP level 16. HP: 138/159 MP: 24/24
 22997 | D:14     | Reached skill level 19 in Fighting
 23312 | D:14     | Reached skill level 15 in Axes
 23720 | Shoals:1 | Entered Level 1 of the Shoals
 24057 | Shoals:1 | Noticed Kirke
 24072 | Shoals:1 | Killed Kirke
 24125 | Shoals:1 | Identified the cursed +2 great sword of Understanding
                  | {drain, rElec MR++} (You found it on level 1 of the Shoals)
 24298 | Shoals:1 | Got a scorched chain mail
 24300 | Shoals:1 | Identified the +8 chain mail "Ruerial" {Int+7 Dex-4 SInv}
                  | (You found it on level 1 of the Shoals)
 24407 | Shoals:2 | Reached skill level 10 in Dodging
 24653 | Shoals:2 | You fall into a shaft and drop 1 floor!
 24653 | Shoals:3 | Found a runed translucent door.
 24686 | Shoals:3 | Lost mutation: You expend magic power (3 MP) to strengthen
                  | your wands. [potion of mutation]
 24686 | Shoals:3 | Lost mutation: Your spells are a little easier to cast, but
                  | a little less powerful. [potion of mutation]
 24686 | Shoals:3 | Lost mutation: Your muscles are strong. (Str +2) [potion of
                  | mutation]
 24686 | Shoals:3 | Gained mutation: Your mind is acute. (Int +2) [potion of
                  | mutation]
 24686 | Shoals:3 | Gained mutation: Your system is resistant to poisons.
                  | (rPois) [potion of mutation]
 24686 | Shoals:3 | Gained mutation: You are surrounded by a mild repulsion
                  | field. (EV +2) [potion of mutation]
 24686 | Shoals:3 | Gained mutation: You are resistant to electric shocks.
                  | (rElec) [potion of mutation]
 24686 | Shoals:3 | HP: 7/160 [poisoned by a sea snake]
 24689 | Shoals:3 | HP: 3/160 [poisoned by a sea snake]
 24689 | Shoals:3 | HP: 1/160 [merfolk/+0 trident (2)]
 24690 | Shoals:3 | Succumbed to a sea snake's poison

Levels and vault maps discovered:
D:1:      lightli_arrival_maybe_door_vault, layout_loops_ring
D:2:      layout_loops_cross, kiku_gazebo_garden_becter,
          chequers_ecumenical_altar_island, uniq_robin, uniq_natasha
D:3:      layout_loops_ring, grunt_qazlal_clouds, nicolae_tso_carved_into_rock,
          guppyfry_early_lair_pool
D:4:      layout_loops_ring, kennysheep_mini, lemuel_coloured_pillars_altar,
          first_ration
D:5:      layout_basic, vehumet_altar_wand_db, uniq_menkaure, uniq_grinder
D:6:      layout_basic, minmay_temple_entry_mist
D:7:      layout_loops_ring, gammafunk_temple_overflow_statue
D:8:      layout_loops_corners, old_standard_altar, marbit_many_paths,
          basic_altar, the_bakery, kennysheep_generic_room_13
D:9:      layout_basic, nicolae_gozag_cash_rules_everything_around_me,
          minmay_misc_feat_five
D:10:     layout_irregular_city, david_orc_3, basic_altar
D:11:     minmay_s_stair_smasher, layout_loops_cross, david_lair_generic,
          uniq_erolcha, uniq_nergalle
D:12:     layout_small_grid
D:13:     layout_loops_corners, grunt_vaults_entry_fortified, basic_altar
D:14:     layout_stronghold, nicolae_straight_to_the_point, uniq_nessos
D:15:     grunt_enter_depths_hoard, layout_basic, minmay_door_square,
          minmay_stone_trees_large, lemuel_nasty_fountain, uniq_roxanne
Lair:1:   layout_regular_city, lemuel_fruit_fields
Lair:2:   layout_regular_city, shoals_dummy_entry, uniq_erica
Lair:3:   layout_cave_pods, spider_nest_entry_webs, grunt_forest_large_clearings
Lair:4:   layout_regular_city, beast_lair_carwin_11, grunt_megastairs_2
Lair:5:   wander_river, layout_regular_city, slime_altar_1, grunt_megastairs_1,
          serial_bayou_shore_a, infiniplex_staircase_pool_2,
          minmay_lair_oklob_chamber, lemuel_fruit_fields
Lair:6:   cheibrodos_lair_end_hotspot, layout_cave_pods
Shoals:1: nicolae_shoals_island_circles, layout_shoals, uniq_kirke
Shoals:2: layout_shoals
Shoals:3: layout_shoals, lightli_airlock
Orc:1:    layout_diamond_mine, serial_shops, shop
Orc:2:    st_orc_open, layout_caves, minmay_orc_treasury

Skill      XL: |  1  2  3  4  5  6  7  8  9 10 11 12 13 14 15 16 |
---------------+-------------------------------------------------+-----
Fighting       | 1 2 3 4 6 7 9 11 13 14 16 18 19 | 19.2
Maces & Flails | 1 2 3 4 6 7 9 |  9.7
Armour         | 1 2 3 4 6 7 8 10 | 10.6
Invocations    | 1 2 3 4 5 6 7 9 10 11 12 | 12.8
Dodging        | 3 4 5 6 7 9 10 | 10.1
Shields        | 6 |  6.9
Axes           | 7 11 13 14 15 | 15.3
Stealth        | |  1.5
Spellcasting   | |  1.3
Transmutations | |  0.7
Earth Magic    | |  2.4

Action                   |  1- 3 |  4- 6 |  7- 9 | 10-12 | 13-15 | 16-18 || total
-------------------------+-------+-------+-------+-------+-------+-------++-------
Melee: Club              |   100 |    16 |       |       |       |       ||   116
       Headbutt          |    13 |    23 |    60 |   136 |   184 |    21 ||   437
       Short sword       |       |   157 |   409 |   441 |       |       ||  1007
       Broad axe         |       |       |       |   169 |   983 |   119 ||  1271
       Trident           |       |       |       |       |    20 |       ||    20
Throw: Throwing net      |       |       |       |     2 |       |       ||     2
 Cast: Sandblast         |     9 |     3 |       |       |       |       ||    12
       Passwall          |       |       |       |       |     1 |       ||     1
Invok: Divine Shield     |       |       |     1 |    20 |    12 |       ||    33
       Cleansing Flame   |       |       |       |       |     2 |     5 ||     7
       Summon Divine War |       |       |       |       |     2 |       ||     2
       Brand Weapon With |       |       |       |       |     1 |       ||     1
Evoke: Wand              |       |       |     1 |    15 |    13 |       ||    29
       Lamp of fire      |       |       |       |       |     1 |       ||     1
  Use: Potion            |     2 |     2 |     8 |     8 |     6 |     6 ||    32
       Scroll            |     2 |     7 |     7 |     8 |    17 |     5 ||    46
 Stab: Sleeping          |     3 |       |       |       |       |       ||     3
       Invisible         |     2 |       |       |       |       |       ||     2
  Eat: Chunk             |     1 |     4 |    11 |    18 |    18 |     1 ||    53
       Ration            |     1 |       |       |     1 |     7 |     1 ||    10
Armor: Robe              |    14 |       |       |       |       |       ||    14
       Ice dragon scales |    31 |   106 |   224 |   239 |   323 |     9 ||   932
       Skin              |       |       |     6 |    48 |     7 |       ||    61
       Ring mail         |       |       |       |       |       |    35 ||    35
Dodge: Dodged            |    74 |    84 |   254 |   337 |   512 |    96 ||  1357
Block: Other             |       |       |     3 |       |       |       ||     3
       Buckler           |       |       |       |   255 |   353 |    49 ||   657
